 Dungeon Crawl Stone Soup version 0.27-a0-522-g46bbb28828 (webtiles) character file.

Game seed: 7033233732600210629

3857 kae the Cleaver (level 10, -1/90 HPs)
             Began as a Hill Orc Fighter on Mar 4, 2021.
             Was a Priest of Okawaru.
             Slain by an orc knight
             ... wielding a +0 war axe
              (9 damage)
             ... on level 6 of the Dungeon.
             The game lasted 00:07:28 (9100 turns).

kae the Cleaver (Hill Orc Fighter)                  Turns: 9100, Time: 00:07:29

Health: -1/90      AC: 10    Str: 29    XL:     10   Next: 18%
Magic:  14/14      EV:  7    Int:  8    God:    Okawaru [***...]
Gold:   432        SH: 10    Dex: 10    Spells: 9/9 levels left

rFire    . . .     SeeInvis .   a - +0 war axe
rCold    . . .     Faith    .   c - +0 kite shield
rNeg     . . .     Spirit   .   b - +1 scale mail
rPois    .         Reflect  .   (no helmet)
rElec    .         Harm     .   (no cloak)
rCorr    .         Rampage  .   (no gloves)
Will     .....                  B - +0 pair of boots
Stlth    ..........             (no amulet)
HPRegen  0.25/turn              k - +6 ring of strength
MPRegen  0.14/turn              (no ring)

@: no status effects
A: no striking features
a: Renounce Religion, Heroism


You were on level 6 of the Dungeon.
You worshipped Okawaru.
Okawaru was most pleased with you.
You visited 2 branches of the dungeon, and saw 8 of its levels.

You collected 432 gold pieces.

Inventory:

Hand Weapons
 a - a +0 war axe (weapon)
Armour
 b - a +1 scale mail (worn)
 c - a +0 kite shield (worn)
 B - a +0 pair of boots (worn)
Jewellery
 e - a ring of protection from cold
 k - a +6 ring of strength (left hand)
 q - a +4 ring of evasion
 r - a ring of poison resistance
 C - a ring of resist corrosion
Wands
 v - a wand of mindburst (10)
 w - a wand of charming (9)
 x - a wand of flame (7)
Scrolls
 g - 8 scrolls of teleportation
 h - 2 scrolls of noise
 l - 3 scrolls of identify
 m - a scroll of magic mapping
 s - 2 scrolls of fog
 t - 4 scrolls of amnesia
 y - 2 scrolls of enchant weapon {unknown}
 A - a scroll of brand weapon {unknown}
 D - a scroll of acquirement {unknown}
 E - a scroll of random uselessness {unknown}
Potions
 d - 2 potions of might
 f - a potion of cancellation
 i - a potion of lignification
 j - 2 potions of ambrosia
 n - 2 potions of brilliance
 o - a potion of heal wounds
 p - 2 potions of curing
 u - 2 potions of attraction
 z - a potion of haste {unknown}


   Skills:
 + Level 8.8 Fighting
 * Level 12.3 Axes
 + Level 8.1 Armour
 - Level 3.2 Shields
 + Level 6.4 Invocations


You had 9 spell levels left.
You didn't know any spells.
Your spell library was empty.

Dungeon Overview and Level Annotations

Branches:
Dungeon (7/15)             Temple (1/1) D:4

Altars:
Ashenzari
Cheibriados
Dithmenos
Elyvilon
Fedhas
Hepliaklqana
Kikubaaqudgha
Makhleb
Nemelex Xobeh
Okawaru
Qazlal
Ru
Sif Muna
Trog
Uskayaw
Vehumet
Wu Jian
Xom
Yredelemnul
The Shining One


Message History

You kill the orc!
Okawaru accepts your kill.
The orc knight roars a battlecry!
The orcs go into a battle-frenzy!
You climb upwards.
There is a stone staircase leading down, spattered with blood here.
The orc knight hits you with a +0 war axe.
You hit the orc knight but do no damage.
The orc knight is lightly wounded.
The orc knight hits you with a +0 war axe.
You hit the orc knight.
The orc knight is moderately wounded.
The orc knight hits you but does no damage.
You barely miss the orc knight.
The orc knight is lightly wounded.
The orc knight hits you with a +0 war axe.
You hit the orc knight.
The orc knight is moderately wounded.
The orc knight hits you with a +0 war axe!
You slash the orc knight!
The orc knight is heavily wounded.
You hit the orc knight but do no damage.
The orc knight is heavily wounded.
The orc knight hits you with a +0 war axe.
You hit the orc knight.
The orc knight is heavily wounded.
The orc knight hits you with a +0 war axe!
* * * LOW HITPOINT WARNING * * *
You closely miss the orc knight.
The orc knight is heavily wounded.
You block the orc knight's attack.
You barely miss the orc knight.
The orc knight is heavily wounded.
The orc knight closely misses you.
You hit the orc knight but do no damage.
The orc knight is heavily wounded.
The orc knight hits you with a +0 war axe!!
* * * LOW HITPOINT WARNING * * *
The orc knight hits you with a +0 war axe!
You die...

#.####[##.#.######
#.##..)...#.######
#..#......#......#
##...._...######.#
#..........# #.#
##.......#.# #.#
#.##..#.#.####.#
#..#.##.#....<.#
##@#....########
#.o.#### ##..#
#.># ####


You could see an orc knight.

Vanquished Creatures
  14 wargs (D:7)
  Menkaure (D:5)
  An ice beast (D:7)
  A sky beast (D:6)
  A black bear (D:7)
  2 orc warriors (D:7)
  3 centaurs
  A phantom (D:5)
  A kobold brigand (D:3)
  3 bullfrogs (D:7)
  2 scorpions
  A crimson imp (D:6)
  3 orc priests
  2 jellies
  A centaur skeleton (D:4)
  6 hounds (D:6)
  Terence (D:2)
  Ijyb (D:5)
  6 worker ants
  4 orc wizards
  A hound zombie (D:7)
  A hound skeleton (D:5)
  Robin (D:4)
  4 gnolls (D:4)
  3 adders
  2 shadow imps
  4 white imps
  An ufetubus (D:5)
  An ooze (D:2)
  An adder skeleton (D:6)
  2 worms
  6 dart slugs
  3 leopard geckos
  26 orcs
  8 bats
  7 giant cockroaches
  11 goblins
  7 hobgoblins
  10 jackals
  7 kobolds
  A ball python (D:2)
  3 frilled lizards
  A jackal skeleton (D:4)
  A leopard gecko skeleton (D:4)
  A quokka zombie (D:6)
  2 rats (D:2)
170 creatures vanquished.

Vanquished Creatures (others)
  A plant (D:7)
1 creature vanquished.

Grand Total: 171 creatures vanquished

Notes
Turn   | Place    | Note
-------+----------+-------------------------------------------
     0 | D:1      | kae the Hill Orc Fighter began the quest for the Orb.
     0 | D:1      | Reached XP level 1. HP: 19/19 MP: 1/1
   119 | D:1      | Reached skill level 3 in Axes
   169 | D:1      | Reached XP level 2. HP: 27/27 MP: 2/2
   774 | D:1      | Reached XP level 3. HP: 31/33 MP: 3/3
  1073 | D:2      | Reached skill level 4 in Axes
  1073 | D:2      | Noticed Terence
  1084 | D:2      | Killed Terence
  1085 | D:2      | Reached XP level 4. HP: 11/40 MP: 4/4
  1973 | D:3      | Noticed a kobold brigand
  1979 | D:3      | Killed a kobold brigand
  1980 | D:3      | Reached skill level 5 in Axes
  1980 | D:3      | Reached XP level 5. HP: 45/47 MP: 5/5
  2573 | D:3      | Found a white marble altar of Elyvilon.
  2857 | D:4      | Reached skill level 5 in Fighting
  2857 | D:4      | Reached skill level 6 in Axes
  2857 | D:4      | Reached XP level 6. HP: 56/56 MP: 6/6
  3014 | D:4      | Noticed Robin
  3031 | D:4      | Killed Robin
  3221 | D:4      | Found a glowing golden altar of the Shining One.
  3240 | D:4      | Found a staircase to the Ecumenical Temple.
  3307 | Temple   | Entered the Ecumenical Temple
  3548 | D:4      | Reached skill level 7 in Axes
  3548 | D:4      | Reached skill level 5 in Armour
  3548 | D:4      | Reached XP level 7. HP: 51/61 MP: 7/7
  4096 | D:5      | Entered Level 5 of the Dungeon
  4504 | D:5      | Noticed Menkaure
  4736 | D:5      | Killed Menkaure
  4737 | D:5      | Reached skill level 8 in Axes
  4838 | D:5      | Noticed Ijyb
  4847 | D:5      | Killed Ijyb
  5480 | D:6      | Found a blossoming altar of Fedhas.
  5480 | D:6      | Found a shimmering altar of Xom.
  5489 | D:6      | Reached XP level 8. HP: 31/70 MP: 8/8
  5512 | D:6      | Found an iron altar of Okawaru.
  5520 | D:6      | Found an ornate altar of the Wu Jian Council.
  5520 | D:6      | Found a hide-covered altar of Uskayaw.
  5532 | D:6      | Became a worshipper of Warmaster Okawaru
  5797 | D:6      | Reached skill level 9 in Axes
  5797 | D:6      | Reached skill level 1 in Invocations
  6138 | D:6      | Found a glowing golden altar of the Shining One.
  6444 | D:6      | Found a radiant altar of Vehumet.
  6444 | D:6      | Found a burning altar of Makhleb.
  6717 | D:7      | Reached * piety under Okawaru
  7321 | D:7      | Reached skill level 10 in Axes
  7328 | D:7      | Reached XP level 9. HP: 45/79 MP: 11/11
  7674 | D:7      | Reached skill level 11 in Axes
  7697 | D:7      | Reached ** piety under Okawaru
  7705 | D:7      | Reached skill level 5 in Invocations
  8294 | D:7      | Reached skill level 12 in Axes
  8294 | D:7      | Reached XP level 10. HP: 90/90 MP: 14/14
  8314 | D:7      | Reached *** piety under Okawaru
  9041 | D:7      | Noticed an orc knight
  9042 | D:7      | Noticed an orc sorcerer
  9043 | D:7      | Noticed an orc knight
  9055 | D:7      | Noticed an orange demon
  9100 | D:6      | Slain by an orc knight

Illustrated notes

Levels and vault maps discovered:
D:1:      lemuel_arrival_cross, layout_loops_corners, minmay_hexomino_p4
D:2:      layout_basic, minmay_cut_off, uniq_terence
D:3:      layout_loops_cross, elyvilon_altar_3, minmay_pentomino_pile
D:4:      layout_basic, tso_oasis_becter, minmay_temple_entry_mist,
          nicolae_underground_beach, uniq_robin
D:5:      layout_cave_pools, uniq_ijyb, uniq_menkaure
D:6:      layout_basic, grunt_temple_overflow_lords_of_destruction,
          grunt_temple_overflow_open, basic_altar, minmay_misc_feat_tower
D:7:      lemuel_castle_with_subvaults [lemuel_castle_interior_original],
          layout_basic
Temple:   minmay_temple_curvy_loop

Skill      XL: |  1  2  3  4  5  6  7  8  9 10 |
---------------+-------------------------------+-----
Axes           | 3 4 5 6 7 8 10 12 | 12.3
Fighting       | 4 5 6 7 8 |  8.8
Armour         | 4 5 6 7 8 |  8.1
Invocations    | 3 5 6 |  6.4
Shields        | |  3.2

Action                   |  1- 3 |  4- 6 |  7- 9 | 10-12 || total
-------------------------+-------+-------+-------+-------++-------
Melee: War axe           |    81 |   155 |   271 |    57 ||   564
Evoke: Wand              |       |       |    22 |       ||    22
  Use: Scroll            |       |    10 |     5 |       ||    15
       Potion            |       |       |     3 |       ||     3
Armor: Scale mail        |    34 |    64 |   110 |    23 ||   231
       Skin              |       |       |    17 |       ||    17
Dodge: Dodged            |    35 |    55 |    84 |    16 ||   190
Block: Kite shield       |    54 |    87 |   160 |    25 ||   326

Table legend: (Time is in decaauts)
 A = Elapsed time spent in this place.
 B = Non-inter-level travel time spent in this place.
 C = Inter-level travel time spent in this place.
 D = Time resting spent in this place.
 E = Time spent auto-exploring this place.
 F = Levels seen in this place.
 G = Mean time per level.
                   A        B        C        D        E       F      G
               +--------+--------+--------+--------+--------+-----+--------+
         Total |   9304 |   9019 |    285 |    892 |   6715 |   8 | 1163.0 |
       Dungeon |   9082 |   8820 |    262 |    892 |   6517 |   7 | 1297.4 |
        Temple |    221 |    198 |     23 |      0 |    198 |   1 |  221.0 |
               +--------+--------+--------+--------+--------+-----+--------+

Top non-repeatable levels by time:
     D:7: 1991 daAuts
     D:6: 1690 daAuts
     D:4: 1281 daAuts
     D:5: 1218 daAuts
     D:1: 1204 daAuts
     D:3: 955 daAuts
     D:2: 741 daAuts
  Temple: 221 daAuts
